 Dungeon Crawl Stone Soup version 0.22-a0-147-gfdd7f25 (webtiles) character file.

63 tsouns the Bolt Thrower (level 3, -3/27 HPs)
             Began as a Demonspawn Hunter on Feb 6, 2018.
             Was an Initiate of Gozag.
             Slain by a gnoll
             ... wielding a +0 spear
              (6 damage)
             ... on level 2 of the Dungeon.
             The game lasted 00:05:04 (1281 turns).

tsouns the Bolt Thrower (Demonspawn Hunter)         Turns: 1281, Time: 00:05:05

Health: -3/27      AC:  4    Str: 12    XL:     3   Next: 87%
Magic:  3/3        EV: 12    Int: 13    God:    Gozag
Gold:   162        SH:  0    Dex: 13    Spells: 2/2 levels left

rFire    . . .     SeeInvis .   a - +1 hand crossbow
rCold    . . .     Gourm    .   (no shield)
rNeg     . . .     Faith    .   c - +0 leather armour
rPois    .         Spirit   .   (helmet restricted)
rElec    .         Reflect  .   (no cloak)
rCorr    .         Harm     .   (no gloves)
MR       .....                  u - +0 pair of boots
Stlth    +.........             (no amulet)
HPRegen  0.09/turn              (no ring)
MPRegen  0.08/turn              (no ring)

@: no status effects
A: antennae 1
a: Potion Petition, Call Merchant, Bribe Branch, Renounce Religion


You were on level 2 of the Dungeon.
You worshipped Gozag.
Gozag was aware of your devotion.
You were not hungry.

You visited 1 branch of the dungeon, and saw 2 of its levels.

You collected 175 gold pieces.
You paid 13 gold pieces to Gozag.

Inventory:

Hand Weapons
 a - a +1 hand crossbow (weapon)
 b - a +0 short sword
 t - a +2 hand axe of flaming
Missiles
 d - 36 bolts (quivered)
 j - 83 stones
 n - a javelin
 p - 21 sling bullets
Armour
 c - a +0 leather armour (worn)
 u - a +0 pair of boots (worn)
Jewellery
 r - an uncursed ring of protection from fire {unknown}
Scrolls
 g - a scroll of noise
Potions
 e - 2 potions of flight
 i - 2 potions of curing
 k - a potion of haste {unknown}
 l - a potion of lignification {unknown}
 o - a potion of agility {unknown}
Books
 h - a book of Minor Magic

   Spells                             Type                      Level
   a - Magic Dart                     Conjuration                  1
   b - Blink                          Translocation                2
   c - Call Imp                       Summoning                    2
   d - Slow                           Hexes                        2
   e - Conjure Flame                  Conjuration/Fire             3
   f - Mephitic Cloud                 Conjuration/Poison/Air       3
Comestibles
 f - 4 rations


   Skills:
 - Level 2.0 Fighting
 + Level 5.0 Crossbows
 - Level 1.7 Dodging
 - Level 0.8 Stealth


You had 2 spell levels left.
You didn't know any spells.

Dungeon Overview and Level Annotations

Branches:
Dungeon (2/15)

Altars:
Gozag


Innate Abilities, Weirdness & Mutations

You have a pair of small antennae on your head.


Message History

The gnoll hits you from afar with a spear.
Unknown command.
Firing (i - inventory. (/) - cycle)
d - 38 bolts (quivered)
Press: ? - help, Shift-Dir - straight line, f/p - gnoll
Aim: a gnoll, wielding a spear (heavily wounded)
You shoot a bolt. The bolt hits the gnoll.
The gnoll is severely wounded.
The gnoll hits you from afar with a spear.
* * * LOW HITPOINT WARNING * * *
The gnoll hits you from afar with a spear.
* * * LOW HITPOINT WARNING * * *
Unknown command.
Firing (i - inventory. (/) - cycle)
d - 37 bolts (quivered)
Press: ? - help, Shift-Dir - straight line, f/p - gnoll
Aim: a gnoll, wielding a spear (severely wounded)
You shoot a bolt. The bolt hits the gnoll.
The gnoll is severely wounded.
The gnoll hits you from afar with a spear.
You die...
Your body crumbles into a pile of gold.

## ####### ##...
#...)@# ......
##.#g######......
#
#......(.........
#
#...####.........
+
#...####.#.......
#####
#.......>.......>
.....
#........########
###.
##.............#
#.
#.######......#
#.


You could see a gnoll.

Vanquished Creatures
  2 gnolls (D:2)
  A worm (D:2)
  A dart slug (D:2)
  A leopard gecko (D:2)
  A ball python (D:2)
  4 bats
  3 giant cockroaches (D:1)
  4 goblins
  3 hobgoblins (D:1)
  4 jackals (D:2)
  A quokka (D:2)
  A frilled lizard (D:2)
  5 kobolds
  5 rats
36 creatures vanquished.

Notes
Turn   | Place    | Note
-------+----------+-------------------------------------------
     0 | D:1      | tsouns the Demonspawn Hunter began the quest for the Orb.
     0 | D:1      | Reached XP level 1. HP: 16/16 MP: 1/1
   167 | D:1      | Reached skill level 4 in Crossbows
   179 | D:1      | Gained mutation: You have a pair of small antennae on your head. [demonic ancestry]
   179 | D:1      | Reached XP level 2. HP: 20/22 MP: 2/2
   576 | D:2      | Found an opulent altar of Gozag.
   598 | D:2      | Became a worshipper of Gozag Ym Sagoz the Greedy
   750 | D:2      | Reached XP level 3. HP: 14/27 MP: 3/3
  1170 | D:2      | Reached skill level 5 in Crossbows
  1281 | D:2      | Slain by a gnoll

Vault maps used:
D:1:      minmay_arrival_stone_box
D:2:      bloody_trog, overflow_temple_1_default

Skill      XL: |  1  2  3 |
---------------+----------+-----
Crossbows      | 4 5 |  5.0
Fighting       | |  2.0
Dodging        | |  1.7
Stealth        | |  0.8

Action                   || total
-------------------------++-------
 Fire: Hand crossbow     ||    48
Throw: Javelin           ||    45
  Use: Scroll            ||     6
  Eat: Ration            ||     1
Armor: Leather armour    ||    15
Dodge: Dodged            ||    37

Table legend:
 A = Spawn XP
 B = Non-spawn XP
 C = Spawn XP percentage of total XP
 D = Spawn monster count
 E = Non-spawn monster count
 F = Spawn count percentage of total count
 G = Total turns spent on level
                    A         B        C        D         E        F      G
               +---------+---------+-------+---------+---------+-------+---------
         Total |       0 |      90 |   0.0 |       0 |      36 |   0.0 |  1281
               +---------+---------+-------+---------+---------+-------+---------
           D:1 |       0 |      19 |   0.0 |       0 |      11 |   0.0 |   569
           D:2 |       0 |      71 |   0.0 |       0 |      25 |   0.0 |   712
               +---------+---------+-------+---------+---------+-------+---------
